 Dungeon Crawl Stone Soup version 0.13-a0-2348-g42d4ca8 (webtiles) character file.

283 Murumi the Chopper (level 5, -5/46 HPs)
             Began as a Minotaur Fighter on July 11, 2013.
             Killed from afar by smajdalf's ghost (7 damage)
             ... with a magic dart
             ... on Level 4 of the Dungeon.
             The game lasted 00:10:21 (3137 turns).

Murumi the Chopper (Minotaur Fighter)               Turns: 3137, Time: 00:10:21

HP  -5/46        AC  7     Str 21      XL: 5   Next:  8%
MP   1/1         EV  9     Int  6      God:
Gold 136         SH  0     Dex  9      Spells:  0 memorised,  4 levels left

Res.Fire  : . . .   See Invis. : .   a - +0 hand axe
Res.Cold  : . . .   Warding    : .   u - +1 orc scale mail
Life Prot.: . . .   Conserve   : .   (no shield)
Res.Poison: .       Res.Corr.  : .   (helmet restricted)
Res.Elec. : .       Clarity    : .   (no cloak)
Sust.Abil.: . .     Spirit.Shd : .   (no gloves)
Res.Mut.  : .       Stasis     : .   (no boots)
Res.Rott. : .       Flight     : .   b - amulet of the gourmand
Gourmand  : +                        (no ring)
                                     (no ring)

@: slightly resistant to hostile enchantments, extremely unstealthy
A: retaliatory headbutt, horns 2
a: no special abilities


You were on level 4 of the Dungeon.
You were not hungry.

You visited 1 branch of the dungeon, and saw 4 of its levels.

You collected 116 gold pieces.

Inventory:

Hand weapons
 a - a +0,+0 hand axe (weapon)
 l - a +0,+0 dwarven hand axe (quivered)
Armour
 u - a +1 orcish scale mail (worn)
Comestibles
 d - 4 bread rations
 f - a meat ration
Scrolls
 c - a scroll of teleportation
 j - 2 scrolls of fear
 m - 2 scrolls of remove curse
Jewellery
 b - an amulet of the gourmand (around neck)
Potions
 h - a potion of heal wounds
 i - a potion of agility {unknown}
 n - 2 potions of flight
 o - a potion of speed {unknown}
 p - 2 potions of invisibility
 q - 2 potions of curing


   Skills:
 - Level 3.6 Fighting
 + Level 6.4 Axes
 - Level 3.6 Armour
   Level 3.6 Shields


You had 4 spell levels left.
You didn't know any spells.

Dungeon Overview and Level Annotations

Branches:
Dungeon (4/27)
 Temple: D:4-7

Altars:
Elyvilon
Vehumet

Annotations
D:4 smajdalf's ghost, average DrCj


Innate Abilities, Weirdness & Mutations

You reflexively headbutt those who attack you in melee.
You have a pair of horns on your head.


Message History

HP restored.
You climb downwards.
Level annotation: smajdalf's ghost, average DrCj
There is a stone staircase leading up here.
Smajdalf's ghost hits you but does no damage.
You miss smajdalf's ghost. Smajdalf's ghost hits you.
You are electrocuted!
Smajdalf's ghost barely misses you.
You hit smajdalf's ghost but do no damage.
Your headbutt misses smajdalf's ghost.
Smajdalf's ghost gestures at you while chanting.
The magic dart hits you!
You hit smajdalf's ghost. You headbutt smajdalf's ghost.
Smajdalf's ghost is moderately damaged.
Smajdalf's ghost hits you but does no damage.
You are electrocuted!
* * * LOW HITPOINT WARNING * * *
Smajdalf's ghost lets out a mournful wail.
Smajdalf's ghost gestures at you while chanting.
The magic dart hits you!
You die...

## ######...#
##....♣.♣
##..<##♣.♣
######..#..#♣.♣
#......###..♣.♣
#.##.#..#p.#♣.♣
# ##.@.##♣.♣
#.P..# .#
#...PPP.......
.....P♣♣♣....#.
#.##.P♣♣♣♣.#..#
# ..<. ##....
###. ## #. ..


You could see smajdalf's ghost.

Vanquished Creatures
  A worker ant (D:3)
  2 adders
  3 gnolls (D:2)
  A giant mite (D:3)
  A worm (D:3)
  3 giant geckos
  An ooze (D:1)
  4 orcs (D:3)
  2 ball pythons (D:1)
  4 giant cockroaches
  5 goblins
  8 hobgoblins
  A jackal (D:3)
  9 bats
  A giant newt (D:2)
  7 kobolds
  7 rats
60 creatures vanquished.

Vanquished Creatures (others)
  2 jackals (D:3)
2 creatures vanquished.

Grand Total: 62 creatures vanquished

Notes
Turn   | Place    | Note
--------------------------------------------------------------
     0 | D:1      | Murumi, the Minotaur Fighter, began the quest for the Orb.
     0 | D:1      | Reached XP level 1. HP: 19/19 MP: 0/0
   212 | D:1      | Reached XP level 2. HP: 23/26 MP: 0/0
   587 | D:1      | Reached skill level 4 in Axes
   891 | D:2      | Found a white marble altar of Elyvilon.
   892 | D:2      | Found a radiant altar of Vehumet.
   989 | D:2      | Reached XP level 3. HP: 33/33 MP: 1/1
  1298 | D:2      | Reached skill level 5 in Axes
  1301 | D:2      | Reached XP level 4. HP: 8/39 MP: 1/1
  1308 | D:2      | HP: 1/39 [kobold/elven short sword (1)]
  2758 | D:3      | Reached skill level 6 in Axes
  3035 | D:4      | Noticed smajdalf's ghost (average DrCj)
  3051 | D:3      | Reached XP level 5. HP: 35/46 MP: 1/1
  3133 | D:4      | HP: 2/46 [smajdalf's ghost (22)]
  3137 | D:4      | Killed from afar by smajdalf's ghost

Action                   |  1- 3 |  4- 6 || total
-------------------------+-------+-------++-------
Melee: Hand axe          |    82 |    91 ||   173
  Use: Scroll            |       |    13 ||    13
